GUELPH STORM vs WORCESTER TITANS
Created - 25 octobre 2025 at 09:14
Goals
|
| GUELPH STORM |
0 |
1 |
1 |
2 |
| WORCESTER TITANS |
0 |
3 |
2 |
5 |
|
Shots
|
| GUELPH STORM |
16 |
9 |
14 |
39 |
| WORCESTER TITANS |
16 |
31 |
18 |
65 |
|
1st period
No Goal
Penalties :
Jacob MacDonald (WOR) for Roughing (Minor) at 11:17
2nd period
1. WORCESTER TITANS , Seth Griffith 3 (Chris Terry 2, Andrew Poturalski 4) at 1:19
2. WORCESTER TITANS , Matthew Peca 2 (Jacob MacDonald 3, Charles Hudon 3) at 2:20
3. WORCESTER TITANS , John Leonard 6 (Cal O'Reilly 9, Kyle Capobianco 2) at 7:00 (PP)
4. GUELPH STORM , Anton Wahlberg 4 (Ty Mueller 4) at 16:47 (PP)
Penalties :
Josh Brown (WOR) for Delaying the game (Minor) at 4:16, Rodwin Dionicio (GUE) for High sticking (Minor) at 6:29, Jack Ahcan (GUE) for Tripping (Minor) at 13:31, Tyler Pitlick (WOR) for Interference (Minor) at 16:37, David Spacek (GUE) for Holding (Minor) at 18:17
3rd period
5. WORCESTER TITANS , Zach Sanford 1 (Matthew Peca 2, Charles Hudon 4) at 0:34
6. GUELPH STORM , Nikolai Kovalenko 2 (Christian Fischer 5) at 0:44
7. WORCESTER TITANS , Zachary Metsa 2 (Seth Griffith 2, Chris Terry 3) at 4:34
Penalties :
Owen Pickering (GUE) for Hooking (Minor) at 1:30, John Leonard (WOR) for Hooking (Minor) at 15:27
Goalie Stats
Cayden Primeau (GUE), 60 saves from 65 shots - (0,923), L, 2-4-0, 60:00 minutes
Oscar Dansk (WOR), 37 saves from 39 shots - (0,949), W, 3-3-0, 60:00 minutes
Players Stats for GUELPH STORM
Player Name G A P +/- PIM S H SB GA TA FO MP PP MP PK MP
------------------------------------------------------------------------------------
Alexis Gendron 0 0 0 -2 0 2 1 0 0 0 0/0 14:45 0:00 0:00
Anton Wahlberg 1 0 1 -1 0 4 7 0 0 0 0/0 21:30 2:59 2:25
Brandon Biro 0 0 0 -2 0 2 0 0 0 0 10/22 14:45 0:00 0:00
Brett Harrison 0 0 0 -2 0 0 2 0 0 0 0/0 14:45 0:00 0:00
Bryce McConnell-Barker 0 0 0 0 0 0 0 0 0 0 0/0 0:00 0:00 0:00
Christian Fischer 0 1 1 0 0 6 0 0 0 0 12/33 23:45 3:08 4:03
David Spacek 0 0 0 -3 2 1 3 2 0 0 0/0 22:04 2:52 2:05
Graeme Clarke 0 0 0 -1 0 3 1 0 0 0 0/2 19:05 2:59 0:00
Isaac Belliveau 0 0 0 0 0 2 1 4 0 0 0/0 12:43 0:00 0:04
Jack Ahcan 0 0 0 0 2 0 1 0 0 0 0/0 23:24 3:15 2:32
Jake Furlong 0 0 0 -3 0 0 3 6 0 0 0/0 23:03 2:52 3:03
Judd Caulfield 0 0 0 0 0 0 0 0 0 0 0/0 18:15 3:08 0:00
Nikolai Kovalenko 1 0 1 0 0 9 1 2 0 0 4/11 23:45 3:08 4:03
Owen Pickering 0 0 0 0 2 4 10 3 0 0 0/0 23:17 3:15 2:25
Rodwin Dionicio 0 0 0 0 2 1 1 2 0 0 0/0 15:25 0:00 2:47
Skyler Brind'Amour 0 0 0 0 0 0 0 0 0 0 2/2 1:27 0:00 0:00
Ty Mueller 0 1 1 -1 0 5 0 1 0 0 18/42 21:30 2:59 2:25
Xavier Simoneau 0 0 0 0 0 0 0 0 0 0 0/0 0:00 0:00 0:00
Players Stats for WORCESTER TITANS
Player Name G A P +/- PIM S H SB GA TA FO MP PP MP PK MP
------------------------------------------------------------------------------------
Andrew Poturalski 0 1 1 2 0 3 2 3 0 0 12/24 18:30 2:30 0:00
Cal O'Reilly 0 1 1 -1 0 8 0 0 0 0 24/41 20:54 3:58 0:00
Calle Rosen 0 0 0 1 0 2 1 4 0 0 0/0 24:35 0:00 4:02
Case McCarthy 0 0 0 0 0 0 0 0 0 0 0/0 4:49 0:56 2:04
Charles Hudon 0 2 2 2 0 10 0 0 0 0 0/1 14:05 2:30 0:00
Chris Terry 0 2 2 2 0 7 1 0 0 0 1/1 18:30 2:30 0:00
Jacob MacDonald 0 1 1 1 2 1 1 2 0 0 0/0 22:50 2:55 2:24
John Leonard 1 0 1 -1 2 9 0 1 0 0 1/2 20:53 3:58 0:00
Joseph Blandisi 0 0 0 0 0 1 0 0 0 0 0/0 7:21 0:00 4:27
Josh Brown 0 0 0 2 2 1 2 1 0 0 0/0 12:01 0:00 1:39
Justin Dowling 0 0 0 0 0 1 0 1 0 0 11/15 6:40 0:00 3:46
Kyle Capobianco 0 1 1 0 0 3 3 2 0 0 0/0 23:07 3:33 0:00
Matthew Peca 1 1 2 2 0 4 0 0 0 0 16/24 13:15 0:00 1:40
Rocco Grimaldi 0 0 0 0 0 2 0 0 0 0 0/0 3:35 0:00 0:41
Seth Griffith 1 1 2 2 0 5 0 0 0 0 1/1 19:33 3:33 0:00
Tyler Pitlick 0 0 0 -1 2 5 3 0 0 0 0/3 20:53 3:58 0:00
Zach Sanford 1 0 1 2 0 2 2 0 0 0 0/0 13:15 0:00 1:40
Zachary Metsa 1 0 1 2 0 1 0 1 0 0 0/0 29:03 1:59 2:05
3 Stars
1 - Seth Griffith (WOR)
2 - Matthew Peca (WOR)
3 - Zach Sanford (WOR)
Power Play
GUELPH STORM - 1 on 4 Attempt(s) - 25,00%
WORCESTER TITANS - 1 on 4 Attempt(s) - 25,00%
Penalty Kill
GUELPH STORM - 3 on 4 Attempt(s) - 75,00%
- Score 0 goal in Penalty Kill
WORCESTER TITANS - 3 on 4 Attempt(s) - 75,00%
- Score 0 goal in Penalty Kill
Team Stat
GUELPH STORM - Hits : 31 - Faceoff Wins : 46 - Blocked Shots : 20 - Penalty Minutes : 8
WORCESTER TITANS - Hits : 15 - Faceoff Wins : 66 - Blocked Shots : 15 - Penalty Minutes : 8
Official
Referees : Kelly Sutherland and Ryan Hersey
Linesman : Trent Knorr and Stephen Drain
Game Notes
No Game Note
GUELPH STORM
5 vs 5 Forward
Center Left Wing Right Wing Time % Phy DF OF
1 Christian Fischer Nikolai Kovalenko Judd Caulfield 36 1 2 2
2 Ty Mueller Anton Wahlberg Graeme Clarke 31 1 2 2
3 Brandon Biro Brett Harrison Alexis Gendron 23 1 2 2
4 Skyler Brind'Amour Nikolai Kovalenko Christian Fischer 10 1 2 2
5 vs 5 Defense
Defense Defense Time % Phy DF OF
1 Jack Ahcan Owen Pickering 36 1 2 2
2 David Spacek Jake Furlong 31 1 2 2
3 Isaac Belliveau Rodwin Dionicio 23 1 2 2
4 Jack Ahcan Owen Pickering 10 1 2 2
PowerPlay Forward
Center Left Wing Right Wing Time % Phy DF OF
1 Christian Fischer Nikolai Kovalenko Judd Caulfield 55 1 2 2
2 Ty Mueller Anton Wahlberg Graeme Clarke 45 1 2 2
PowerPlay Defense
Defense Defense Time % Phy DF OF
1 Jack Ahcan Owen Pickering 55 1 2 2
2 David Spacek Jake Furlong 45 1 2 2
Penalty Kill 4 Players Forward
Center Wing Time % Phy DF OF
1 Nikolai Kovalenko Christian Fischer 55 1 2 2
2 Ty Mueller Anton Wahlberg 45 1 2 2
Penalty Kill 4 Players Defense
Defense Defense Time % Phy DF OF
1 Jack Ahcan Owen Pickering 55 1 2 2
2 David Spacek Jake Furlong 45 1 2 2
Penalty Kill - 3 Players Forward
Forward Time % Phy DF OF
1 Nikolai Kovalenko 55 1 2 2
2 Christian Fischer 45 1 2 2
Penalty Kill - 3 Players Defense
Defense Defense Time % Phy DF OF
1 Jack Ahcan Owen Pickering 55 1 2 2
2 David Spacek Jake Furlong 45 1 2 2
4 vs 4 Forward
Center Wing Time % Phy DF OF
1 Nikolai Kovalenko Christian Fischer 55 1 2 2
2 Ty Mueller Anton Wahlberg 45 1 2 2
4 vs 4 Defense
Defense Defense Time % Phy DF OF
1 Jack Ahcan Owen Pickering 55 1 2 2
2 David Spacek Jake Furlong 45 1 2 2
Last Minutes Offensive
Center Left Wing Right Wing Defense Defense
Christian Fischer Nikolai Kovalenko Judd Caulfield Jack Ahcan Owen Pickering
Last Minutes Defensive
Center Left Wing Right Wing Defense Defense
Christian Fischer Nikolai Kovalenko Judd Caulfield Jack Ahcan Owen Pickering
Goaltenders
Starting : Cayden Primeau
Backup : Matt Tomkins
Extra Forwards
Normal : Bryce McConnell-Barker, Xavier Simoneau, Brandon Biro - PP : Bryce McConnell-Barker, Xavier Simoneau - PK : Brandon Biro
Extra Defensemen
Normal : Isaac Belliveau, Rodwin Dionicio, David Spacek - PP : Isaac Belliveau - PK : Rodwin Dionicio, David Spacek
Penalty Shots
Nikolai Kovalenko, Christian Fischer, Ty Mueller, Anton Wahlberg, Brandon Biro
Scratches
Joshua Lopina (Healthy), Ben Meyers (Healthy), Joshua Roy (Healthy), Jake Schmaltz (Healthy), Jakub Fibigr (Healthy)
Kailer Yamamoto (Healthy), Nikita Prishchepov (Healthy), Matthew Stienburg (Healthy), Nils Aman (Healthy), Luke Cavallin (Healthy)
WORCESTER TITANS
5 vs 5 Forward
Center Left Wing Right Wing Time % Phy DF OF
1 Cal O'Reilly John Leonard Tyler Pitlick 36 0 2 3
2 Andrew Poturalski Chris Terry Seth Griffith 32 0 2 3
3 Matthew Peca Charles Hudon Zach Sanford 25 1 2 2
4 Justin Dowling Joseph Blandisi Rocco Grimaldi 7 1 2 2
5 vs 5 Defense
Defense Defense Time % Phy DF OF
1 Zachary Metsa Kyle Capobianco 40 1 2 2
2 Calle Rosen Jacob MacDonald 35 1 2 2
3 Zachary Metsa Josh Brown 25 1 3 1
4 Calle Rosen Kyle Capobianco 0 1 3 1
PowerPlay Forward
Center Left Wing Right Wing Time % Phy DF OF
1 Cal O'Reilly John Leonard Tyler Pitlick 60 0 1 4
2 Andrew Poturalski Chris Terry Charles Hudon 40 0 1 4
PowerPlay Defense
Defense Defense Time % Phy DF OF
1 Seth Griffith Kyle Capobianco 60 1 2 2
2 Zachary Metsa Jacob MacDonald 40 0 1 4
Penalty Kill 4 Players Forward
Center Wing Time % Phy DF OF
1 Justin Dowling Joseph Blandisi 60 1 2 2
2 Matthew Peca Zach Sanford 40 1 2 2
Penalty Kill 4 Players Defense
Defense Defense Time % Phy DF OF
1 Calle Rosen Jacob MacDonald 60 1 2 2
2 Zachary Metsa Josh Brown 40 1 2 2
Penalty Kill - 3 Players Forward
Forward Time % Phy DF OF
1 Justin Dowling 55 0 4 1
2 Matthew Peca 45 0 4 1
Penalty Kill - 3 Players Defense
Defense Defense Time % Phy DF OF
1 Calle Rosen Jacob MacDonald 55 0 4 1
2 Zachary Metsa Kyle Capobianco 45 0 4 1
4 vs 4 Forward
Center Wing Time % Phy DF OF
1 Cal O'Reilly John Leonard 52 1 2 2
2 Andrew Poturalski Tyler Pitlick 48 1 2 2
4 vs 4 Defense
Defense Defense Time % Phy DF OF
1 Zachary Metsa Josh Brown 52 1 2 2
2 Calle Rosen Kyle Capobianco 48 1 2 2
Last Minutes Offensive
Center Left Wing Right Wing Defense Defense
Cal O'Reilly John Leonard Tyler Pitlick Calle Rosen Kyle Capobianco
Last Minutes Defensive
Center Left Wing Right Wing Defense Defense
Justin Dowling Joseph Blandisi Zach Sanford Calle Rosen Jacob MacDonald
Goaltenders
Starting : Oscar Dansk
Backup : Parker Gahagen
Extra Forwards
Normal : John Leonard, Chris Terry, Seth Griffith - PP : Justin Dowling, Zach Sanford - PK : Joseph Blandisi
Extra Defensemen
Normal : Zachary Metsa, Jacob MacDonald, Calle Rosen - PP : Zachary Metsa - PK : Josh Brown, Calle Rosen
Penalty Shots
Cal O'Reilly, Tyler Pitlick, John Leonard, Andrew Poturalski, Seth Griffith
Scratches
Ayrton Martino (Healthy), Ben Meehan (Healthy), Carson Bantle (Healthy), Jakub Demek (Healthy), Gunnarwolfe Fontaine (Healthy)
Hunter Haight (Healthy), Joseph LaBate (Healthy), Matt Luff (Healthy), Logan Shaw (Healthy), Luke Reid (Healthy)
Trevor Kuntar (Healthy), Santeri Hatakka (Healthy), Owen Lindmark (Healthy)
% Time on Ice - GUELPH STORM
Lines # - Real PCT - Wanted PCT - Time Play
Normal Forward
1 - 32% - 36% - 15:07
2 - 34% - 31% - 16:06
3 - 31% - 23% - 14:45
4 - 3% - 10% - 1:27
Normal Defense
1 - 34% - 36% - 16:11
2 - 36% - 31% - 17:08
3 - 27% - 23% - 12:39
4 - 3% - 10% - 1:27
PP Forward
1 - 51% - 55% - 3:08
2 - 49% - 45% - 2:59
PP Defense
1 - 53% - 55% - 3:15
2 - 47% - 45% - 2:52
PK Forward
1 - 63% - 55% - 4:03
2 - 37% - 45% - 2:25
PK Defense
1 - 53% - 55% - 3:25
2 - 47% - 45% - 3:03
PK3 Forward
1 - 0% - 55%
2 - 0% - 45%
PK3 Defense
1 - 0% - 55%
2 - 0% - 45%
44 Forward
1 - 0% - 55%
2 - 0% - 45%
44 Defense
1 - 0% - 55%
2 - 0% - 45%
Last Minute Offensive - 0:00
Last Minute Defensive - 0:00
Total
Forward - 60:00
Defense - 60:00
|
% Time on Ice - WORCESTER TITANS
Lines # - Real PCT - Wanted PCT - Time Play
Normal Forward
1 - 36% - 36% - 16:56
2 - 34% - 32% - 16:00
3 - 24% - 25% - 11:35
4 - 6% - 7% - 2:54
Normal Defense
1 - 35% - 40% - 16:29
2 - 37% - 35% - 17:28
3 - 22% - 25% - 10:23
4 - 7% - 0% - 3:05
PP Forward
1 - 61% - 60% - 3:58
2 - 39% - 40% - 2:30
PP Defense
1 - 55% - 60% - 3:33
2 - 45% - 40% - 2:55
PK Forward
1 - 73% - 60% - 4:27
2 - 27% - 40% - 1:40
PK Defense
1 - 66% - 60% - 4:02
2 - 34% - 40% - 2:05
PK3 Forward
1 - 0% - 55%
2 - 0% - 45%
PK3 Defense
1 - 0% - 55%
2 - 0% - 45%
44 Forward
1 - 0% - 52%
2 - 0% - 48%
44 Defense
1 - 0% - 52%
2 - 0% - 48%
Last Minute Offensive - 0:00
Last Minute Defensive - 0:00
Total
Forward - 60:00
Defense - 60:00
|
Play-by-Play
1st period
0:01 of 1st period - Christian Fischer wins face-off versus Cal O'Reilly in neutral zone.
0:04 of 1st period - Shot by Christian Fischer.
0:04 of 1st period - Shot Misses the Net.
0:06 of 1st period - Shot by Owen Pickering.
0:06 of 1st period - Stopped by Oscar Dansk with a rebound.
0:19 of 1st period - Christian Fischer is hit by Kyle Capobianco and loses puck.
0:27 of 1st period - Christian Fischer is hit by Kyle Capobianco and loses puck.
0:42 of 1st period - Shot by John Leonard.
0:42 of 1st period - Stopped by Cayden Primeau without a rebound.
0:43 of 1st period - Ty Mueller wins face-off versus Andrew Poturalski in GUELPH STORM zone.
0:50 of 1st period - Shot by Chris Terry.
0:50 of 1st period - Stopped by Cayden Primeau with a rebound.
0:52 of 1st period - Shot by Calle Rosen.
0:52 of 1st period - Stopped by Cayden Primeau with a rebound.
0:56 of 1st period - Shot by Seth Griffith.
0:56 of 1st period - Shot Misses the Net.
0:58 of 1st period - Shot by Andrew Poturalski.
0:58 of 1st period - Deflect By Chris Terry.
0:58 of 1st period - Stopped by Cayden Primeau without a rebound.
0:59 of 1st period - Brandon Biro wins face-off versus Matthew Peca in GUELPH STORM zone.
1:18 of 1st period - Shot by Brandon Biro.
1:18 of 1st period - Stopped by Oscar Dansk without a rebound.
1:19 of 1st period - Andrew Poturalski wins face-off versus Ty Mueller in WORCESTER TITANS zone.
1:19 of 1st period - Andrew Poturalski is hit by Anton Wahlberg.
1:48 of 1st period - Shot by Andrew Poturalski.
1:48 of 1st period - Shot Misses the Net.
1:50 of 1st period - Shot by Jacob MacDonald.
1:50 of 1st period - Shot Misses the Net.
2:02 of 1st period - Shot by Seth Griffith.
2:02 of 1st period - Stopped by Cayden Primeau without a rebound.
2:03 of 1st period - Skyler Brind'Amour wins face-off versus Matthew Peca in GUELPH STORM zone.
2:03 of 1st period - Skyler Brind'Amour is hit by Zach Sanford.
2:19 of 1st period - Shot by Charles Hudon.
2:19 of 1st period - Shot Misses the Net.
2:29 of 1st period - Shot by Charles Hudon.
2:29 of 1st period - Shot Blocked by Owen Pickering.
2:31 of 1st period - Shot by Zachary Metsa.
2:31 of 1st period - Shot Misses the Net.
2:35 of 1st period - Shot by Matthew Peca.
2:35 of 1st period - Shot Misses the Net.
3:01 of 1st period - Shot by John Leonard.
3:01 of 1st period - Deflect By Cal O'Reilly.
3:01 of 1st period - Stopped by Cayden Primeau with a rebound.
3:19 of 1st period - Shot by Tyler Pitlick.
3:19 of 1st period - Deflect By John Leonard.
3:19 of 1st period - Stopped by Cayden Primeau without a rebound.
3:20 of 1st period - Justin Dowling wins face-off versus Ty Mueller in GUELPH STORM zone.
3:23 of 1st period - Shot by Joseph Blandisi.
3:23 of 1st period - Deflect By Rocco Grimaldi.
3:23 of 1st period - Stopped by Cayden Primeau without a rebound.
3:24 of 1st period - Justin Dowling wins face-off versus Ty Mueller in GUELPH STORM zone.
3:29 of 1st period - Shot by Rocco Grimaldi.
3:29 of 1st period - Shot Blocked by Ty Mueller.
3:45 of 1st period - Shot by Ty Mueller.
3:45 of 1st period - Stopped by Oscar Dansk without a rebound.
3:46 of 1st period - Andrew Poturalski wins face-off versus Brandon Biro in WORCESTER TITANS zone.
4:39 of 1st period - Shot by Nikolai Kovalenko.
4:39 of 1st period - Stopped by Oscar Dansk without a rebound.
4:40 of 1st period - Cal O'Reilly wins face-off versus Ty Mueller in WORCESTER TITANS zone.
5:02 of 1st period - Shot by Ty Mueller.
5:02 of 1st period - Stopped by Oscar Dansk without a rebound.
5:03 of 1st period - Matthew Peca wins face-off versus Christian Fischer in WORCESTER TITANS zone.
5:10 of 1st period - Shot by Zach Sanford.
5:10 of 1st period - Stopped by Cayden Primeau with a rebound.
5:38 of 1st period - Shot by Nikolai Kovalenko.
5:38 of 1st period - Stopped by Oscar Dansk without a rebound.
5:39 of 1st period - Ty Mueller wins face-off versus Cal O'Reilly in WORCESTER TITANS zone.
6:55 of 1st period - Shot by Brandon Biro.
6:55 of 1st period - Deflect By Alexis Gendron.
6:55 of 1st period - Stopped by Oscar Dansk without a rebound.
6:56 of 1st period - Justin Dowling wins face-off versus Christian Fischer in WORCESTER TITANS zone.
7:25 of 1st period - Icing by Nikolai Kovalenko.
7:26 of 1st period - Christian Fischer wins face-off versus Matthew Peca in GUELPH STORM zone.
7:49 of 1st period - Icing by Jacob MacDonald.
7:50 of 1st period - Matthew Peca wins face-off versus Brandon Biro in WORCESTER TITANS zone.
8:00 of 1st period - Shot by Matthew Peca.
8:00 of 1st period - Stopped by Cayden Primeau without a rebound.
8:01 of 1st period - Ty Mueller wins face-off versus Cal O'Reilly in GUELPH STORM zone.
8:03 of 1st period - Icing by Anton Wahlberg.
8:04 of 1st period - Ty Mueller wins face-off versus Cal O'Reilly in GUELPH STORM zone.
8:30 of 1st period - Shot by John Leonard.
8:30 of 1st period - Shot Misses the Net.
9:45 of 1st period - Shot by Chris Terry.
9:45 of 1st period - Stopped by Cayden Primeau with a rebound.
9:47 of 1st period - Shot by Andrew Poturalski.
9:47 of 1st period - Shot Misses the Net.
9:49 of 1st period - Shot by Andrew Poturalski.
9:49 of 1st period - Shot Misses the Net.
9:57 of 1st period - Shot by Andrew Poturalski.
9:57 of 1st period - Stopped by Cayden Primeau without a rebound.
9:58 of 1st period - Ty Mueller wins face-off versus Matthew Peca in GUELPH STORM zone.
10:11 of 1st period - Shot by Charles Hudon.
10:11 of 1st period - Stopped by Cayden Primeau with a rebound.
10:17 of 1st period - Shot by Charles Hudon.
10:17 of 1st period - Shot Misses the Net.
10:19 of 1st period - Shot by Josh Brown.
10:19 of 1st period - Shot Misses the Net.
10:54 of 1st period - Icing by Rodwin Dionicio.
10:55 of 1st period - Andrew Poturalski wins face-off versus Brandon Biro in GUELPH STORM zone.
11:07 of 1st period - Icing by Isaac Belliveau.
11:08 of 1st period - Brandon Biro wins face-off versus Cal O'Reilly in GUELPH STORM zone.
11:12 of 1st period - Off-side.
11:13 of 1st period - Christian Fischer wins face-off versus Andrew Poturalski in neutral zone.
11:17 of 1st period - Minor Penalty to Jacob MacDonald for Roughing.
11:18 of 1st period - Justin Dowling wins face-off versus Christian Fischer in WORCESTER TITANS zone.
11:33 of 1st period - Shot by Nikolai Kovalenko.
11:33 of 1st period - Shot Misses the Net.
11:35 of 1st period - Shot by Owen Pickering.
11:35 of 1st period - Stopped by Oscar Dansk without a rebound.
11:36 of 1st period - Ty Mueller wins face-off versus Justin Dowling in WORCESTER TITANS zone.
11:39 of 1st period - Shot by Graeme Clarke.
11:39 of 1st period - Stopped by Oscar Dansk without a rebound.
11:40 of 1st period - Justin Dowling wins face-off versus Graeme Clarke in WORCESTER TITANS zone.
12:01 of 1st period - Shot by Anton Wahlberg.
12:01 of 1st period - Stopped by Oscar Dansk without a rebound.
12:02 of 1st period - Christian Fischer wins face-off versus Justin Dowling in WORCESTER TITANS zone.
12:05 of 1st period - Shot by Christian Fischer.
12:05 of 1st period - Shot Blocked by Calle Rosen.
13:17 of 1st period - Icing by Case McCarthy.
13:18 of 1st period - Cal O'Reilly wins face-off versus Brandon Biro in WORCESTER TITANS zone.
13:18 of 1st period - Cal O'Reilly is hit by Brett Harrison.
13:23 of 1st period - Off-side.
13:24 of 1st period - Brandon Biro wins face-off versus Cal O'Reilly in neutral zone.
13:27 of 1st period - Shot by Brandon Biro.
13:27 of 1st period - Stopped by Oscar Dansk without a rebound.
13:28 of 1st period - Seth Griffith wins face-off versus Brandon Biro in WORCESTER TITANS zone.
13:35 of 1st period - Owen Pickering is hit by Andrew Poturalski and loses puck.
13:44 of 1st period - Shot by Seth Griffith.
13:44 of 1st period - Shot Misses the Net.
13:47 of 1st period - Icing by Jack Ahcan.
13:48 of 1st period - Brandon Biro wins face-off versus Cal O'Reilly in GUELPH STORM zone.
13:58 of 1st period - Shot by Tyler Pitlick.
13:58 of 1st period - Stopped by Cayden Primeau without a rebound.
13:59 of 1st period - Andrew Poturalski wins face-off versus Christian Fischer in GUELPH STORM zone.
14:16 of 1st period - Off-side.
14:17 of 1st period - Cal O'Reilly wins face-off versus Ty Mueller in neutral zone.
14:33 of 1st period - Icing by Zachary Metsa.
14:34 of 1st period - Christian Fischer wins face-off versus Cal O'Reilly in WORCESTER TITANS zone.
14:47 of 1st period - Shot by Nikolai Kovalenko.
14:47 of 1st period - Shot Blocked by Kyle Capobianco.
14:49 of 1st period - Shot by Nikolai Kovalenko.
14:49 of 1st period - Shot Misses the Net.
14:51 of 1st period - Shot by Christian Fischer.
14:51 of 1st period - Shot Misses the Net.
14:53 of 1st period - Shot by Nikolai Kovalenko.
14:53 of 1st period - Deflect By Christian Fischer.
14:53 of 1st period - Shot Misses the Net.
15:06 of 1st period - Shot by Nikolai Kovalenko.
15:06 of 1st period - Stopped by Oscar Dansk with a rebound.
15:08 of 1st period - Shot by Christian Fischer.
15:08 of 1st period - Shot Blocked by Kyle Capobianco.
15:10 of 1st period - Shot by Jake Furlong.
15:10 of 1st period - Shot Misses the Net.
15:12 of 1st period - Shot by David Spacek.
15:12 of 1st period - Shot Blocked by Zachary Metsa.
15:14 of 1st period - Shot by Nikolai Kovalenko.
15:14 of 1st period - Stopped by Oscar Dansk with a rebound.
15:56 of 1st period - Shot by Owen Pickering.
15:56 of 1st period - Shot Blocked by Jacob MacDonald.
15:58 of 1st period - Shot by Ty Mueller.
15:58 of 1st period - Stopped by Oscar Dansk without a rebound.
15:59 of 1st period - Brandon Biro wins face-off versus Matthew Peca in WORCESTER TITANS zone.
16:00 of 1st period - Shot by Alexis Gendron.
16:00 of 1st period - Shot Misses the Net.
16:08 of 1st period - Rodwin Dionicio is hit by Zach Sanford.
16:22 of 1st period - Shot by Brandon Biro.
16:22 of 1st period - Shot Blocked by Josh Brown.
16:30 of 1st period - Shot by Matthew Peca.
16:30 of 1st period - Shot Blocked by Isaac Belliveau.
16:54 of 1st period - Shot by Joseph Blandisi.
16:54 of 1st period - Shot Blocked by Rodwin Dionicio.
16:58 of 1st period - Shot by Justin Dowling.
16:58 of 1st period - Stopped by Cayden Primeau without a rebound.
16:59 of 1st period - Andrew Poturalski wins face-off versus Christian Fischer in GUELPH STORM zone.
16:59 of 1st period - Seth Griffith is hit by Owen Pickering and loses puck.
17:03 of 1st period - Icing by Owen Pickering.
17:04 of 1st period - Chris Terry wins face-off versus Christian Fischer in GUELPH STORM zone.
17:06 of 1st period - Andrew Poturalski is hit by Jack Ahcan and loses puck.
17:27 of 1st period - Shot by Christian Fischer.
17:27 of 1st period - Shot Blocked by Calle Rosen.
17:37 of 1st period - Shot by Nikolai Kovalenko.
17:37 of 1st period - Stopped by Oscar Dansk without a rebound.
17:38 of 1st period - Cal O'Reilly wins face-off versus Ty Mueller in WORCESTER TITANS zone.
17:50 of 1st period - Off-side.
17:51 of 1st period - Brandon Biro wins face-off versus Matthew Peca in neutral zone.
17:58 of 1st period - Shot by Brett Harrison.
17:58 of 1st period - Shot Misses the Net.
18:17 of 1st period - Zach Sanford is hit by Jake Furlong and loses puck.
18:25 of 1st period - Charles Hudon is hit by Jake Furlong and loses puck.
18:58 of 1st period - Shot by Cal O'Reilly.
18:58 of 1st period - Stopped by Cayden Primeau without a rebound.
18:59 of 1st period - Ty Mueller wins face-off versus Andrew Poturalski in GUELPH STORM zone.
19:08 of 1st period - Shot by Graeme Clarke.
19:08 of 1st period - Shot Misses the Net.
19:12 of 1st period - Shot by Ty Mueller.
19:12 of 1st period - Shot Misses the Net.
19:14 of 1st period - Shot by Isaac Belliveau.
19:14 of 1st period - Shot Blocked by Andrew Poturalski.
19:32 of 1st period - Shot by Ty Mueller.
19:32 of 1st period - Stopped by Oscar Dansk without a rebound.
19:33 of 1st period - Christian Fischer wins face-off versus John Leonard in WORCESTER TITANS zone.
19:33 of 1st period - Nikolai Kovalenko is hit by Jacob MacDonald.
19:53 of 1st period - Nikolai Kovalenko is hit by Calle Rosen and loses puck.
Goals for this period are 0 for GUELPH STORM vs 0 for WORCESTER TITANS.
Shots for this period are 16 for GUELPH STORM vs 16 for WORCESTER TITANS.
2nd period
0:01 of 2nd period - Cal O'Reilly wins face-off versus Christian Fischer in neutral zone.
0:16 of 2nd period - Shot by John Leonard.
0:16 of 2nd period - Shot Misses the Net.
0:18 of 2nd period - Shot by Kyle Capobianco.
0:18 of 2nd period - Stopped by Cayden Primeau with a rebound.
0:34 of 2nd period - Icing by Jack Ahcan.
0:35 of 2nd period - Andrew Poturalski wins face-off versus Christian Fischer in GUELPH STORM zone.
0:35 of 2nd period - Andrew Poturalski is hit by Owen Pickering.
0:40 of 2nd period - Andrew Poturalski is hit by Owen Pickering and loses puck.
0:51 of 2nd period - Shot by Seth Griffith.
0:51 of 2nd period - Shot Blocked by Owen Pickering.
0:53 of 2nd period - Shot by Calle Rosen.
0:53 of 2nd period - Shot Misses the Net.
1:19 of 2nd period - Shot by Seth Griffith.
1:19 of 2nd period - Goal by Seth Griffith - GUELPH STORM : 0 - WORCESTER TITANS : 1.
1:20 of 2nd period - Matthew Peca wins face-off versus Ty Mueller in neutral zone.
1:22 of 2nd period - Charles Hudon is hit by Anton Wahlberg and loses puck.
1:29 of 2nd period - Shot by Charles Hudon.
1:29 of 2nd period - Stopped by Cayden Primeau without a rebound.
1:30 of 2nd period - Cal O'Reilly wins face-off versus Brandon Biro in GUELPH STORM zone.
1:41 of 2nd period - Shot by Cal O'Reilly.
1:41 of 2nd period - Shot Blocked by Isaac Belliveau.
1:51 of 2nd period - Shot by Brett Harrison.
1:51 of 2nd period - Shot Misses the Net.
1:53 of 2nd period - Shot by Isaac Belliveau.
1:53 of 2nd period - Stopped by Oscar Dansk with a rebound.
1:55 of 2nd period - Shot by Isaac Belliveau.
1:55 of 2nd period - Stopped by Oscar Dansk without a rebound.
1:56 of 2nd period - Matthew Peca wins face-off versus Ty Mueller in WORCESTER TITANS zone.
1:56 of 2nd period - Matthew Peca is hit by Anton Wahlberg.
2:01 of 2nd period - Off-side.
2:02 of 2nd period - Matthew Peca wins face-off versus Ty Mueller in neutral zone.
2:02 of 2nd period - Matthew Peca is hit by Anton Wahlberg.
2:12 of 2nd period - Shot by Matthew Peca.
2:12 of 2nd period - Shot Misses the Net.
2:14 of 2nd period - Shot by Charles Hudon.
2:14 of 2nd period - Shot Blocked by Jake Furlong.
2:16 of 2nd period - Shot by Jacob MacDonald.
2:16 of 2nd period - Shot Blocked by David Spacek.
2:18 of 2nd period - Shot by Matthew Peca.
2:18 of 2nd period - Shot Misses the Net.
2:20 of 2nd period - Shot by Matthew Peca.
2:20 of 2nd period - Goal by Matthew Peca - GUELPH STORM : 0 - WORCESTER TITANS : 2.
2:21 of 2nd period - Brandon Biro wins face-off versus Andrew Poturalski in neutral zone.
2:28 of 2nd period - Shot by Brett Harrison.
2:28 of 2nd period - Shot Misses the Net.
2:39 of 2nd period - Seth Griffith is hit by Rodwin Dionicio and loses puck.
3:03 of 2nd period - Shot by Kyle Capobianco.
3:03 of 2nd period - Stopped by Cayden Primeau without a rebound.
3:04 of 2nd period - Skyler Brind'Amour wins face-off versus Cal O'Reilly in GUELPH STORM zone.
3:17 of 2nd period - Shot by Nikolai Kovalenko.
3:17 of 2nd period - Shot Blocked by John Leonard.
3:35 of 2nd period - Shot by Christian Fischer.
3:35 of 2nd period - Shot Misses the Net.
3:37 of 2nd period - Shot by Christian Fischer.
3:37 of 2nd period - Stopped by Oscar Dansk without a rebound.
3:38 of 2nd period - Matthew Peca wins face-off versus Ty Mueller in WORCESTER TITANS zone.
3:58 of 2nd period - Anton Wahlberg is hit by Josh Brown and loses puck.
4:14 of 2nd period - Ty Mueller is hit by Josh Brown and loses puck.
4:16 of 2nd period - Minor Penalty to Josh Brown for Delaying the game.
4:17 of 2nd period - Justin Dowling wins face-off versus Christian Fischer in WORCESTER TITANS zone.
5:09 of 2nd period - Shot by Ty Mueller.
5:09 of 2nd period - Stopped by Oscar Dansk without a rebound.
5:10 of 2nd period - Ty Mueller wins face-off versus Matthew Peca in WORCESTER TITANS zone.
5:15 of 2nd period - Shot by Anton Wahlberg.
5:15 of 2nd period - Stopped by Oscar Dansk with a rebound.
6:22 of 2nd period - Shot by John Leonard.
6:22 of 2nd period - Deflect By Cal O'Reilly.
6:22 of 2nd period - Stopped by Cayden Primeau with a rebound.
6:24 of 2nd period - Shot by Kyle Capobianco.
6:24 of 2nd period - Shot Misses the Net.
6:26 of 2nd period - Shot by John Leonard.
6:26 of 2nd period - Shot Blocked by Isaac Belliveau.
6:29 of 2nd period - Minor Penalty to Rodwin Dionicio for High sticking.
6:30 of 2nd period - Andrew Poturalski wins face-off versus Christian Fischer in GUELPH STORM zone.
6:46 of 2nd period - Shot by Kyle Capobianco.
6:46 of 2nd period - Deflect By Chris Terry.
6:46 of 2nd period - Shot Misses the Net.
6:48 of 2nd period - Shot by Kyle Capobianco.
6:48 of 2nd period - Stopped by Cayden Primeau without a rebound.
6:49 of 2nd period - Nikolai Kovalenko wins face-off versus Cal O'Reilly in GUELPH STORM zone.
6:58 of 2nd period - Shot by John Leonard.
6:58 of 2nd period - Stopped by Cayden Primeau with a rebound.
7:00 of 2nd period - Shot by John Leonard.
7:00 of 2nd period - Goal by John Leonard - GUELPH STORM : 0 - WORCESTER TITANS : 3.
7:01 of 2nd period - Matthew Peca wins face-off versus Brandon Biro in neutral zone.
7:05 of 2nd period - Matthew Peca is hit by Isaac Belliveau and loses puck.
7:10 of 2nd period - Shot by Charles Hudon.
7:10 of 2nd period - Stopped by Cayden Primeau without a rebound.
7:11 of 2nd period - Cal O'Reilly wins face-off versus Ty Mueller in GUELPH STORM zone.
7:14 of 2nd period - Shot by Cal O'Reilly.
7:14 of 2nd period - Stopped by Cayden Primeau without a rebound.
7:15 of 2nd period - Ty Mueller wins face-off versus Tyler Pitlick in GUELPH STORM zone.
7:30 of 2nd period - John Leonard is hit by Jake Furlong and loses puck.
8:10 of 2nd period - Shot by Seth Griffith.
8:10 of 2nd period - Shot Misses the Net.
8:13 of 2nd period - Icing by David Spacek.
8:14 of 2nd period - Matthew Peca wins face-off versus Ty Mueller in GUELPH STORM zone.
8:21 of 2nd period - Shot by Charles Hudon.
8:21 of 2nd period - Stopped by Cayden Primeau with a rebound.
8:54 of 2nd period - Zach Sanford is hit by David Spacek and loses puck.
9:11 of 2nd period - Shot by Andrew Poturalski.
9:11 of 2nd period - Shot Misses the Net.
9:29 of 2nd period - Shot by Andrew Poturalski.
9:29 of 2nd period - Deflect By Chris Terry.
9:29 of 2nd period - Stopped by Cayden Primeau with a rebound.
9:31 of 2nd period - Shot by Josh Brown.
9:31 of 2nd period - Shot Blocked by Jake Furlong.
9:35 of 2nd period - Shot by Andrew Poturalski.
9:35 of 2nd period - Stopped by Cayden Primeau without a rebound.
9:36 of 2nd period - Christian Fischer wins face-off versus Cal O'Reilly in GUELPH STORM zone.
9:59 of 2nd period - Shot by Christian Fischer.
9:59 of 2nd period - Stopped by Oscar Dansk without a rebound.
10:00 of 2nd period - Justin Dowling wins face-off versus Brandon Biro in WORCESTER TITANS zone.
10:02 of 2nd period - Kyle Capobianco is hit by Brett Harrison and loses puck.
10:21 of 2nd period - Shot by Rocco Grimaldi.
10:21 of 2nd period - Stopped by Cayden Primeau without a rebound.
10:22 of 2nd period - Christian Fischer wins face-off versus Andrew Poturalski in GUELPH STORM zone.
10:48 of 2nd period - Seth Griffith is hit by Owen Pickering and loses puck.
11:20 of 2nd period - Shot by Brett Harrison.
11:20 of 2nd period - Shot Blocked by Jacob MacDonald.
11:22 of 2nd period - Shot by Isaac Belliveau.
11:22 of 2nd period - Shot Misses the Net.
11:24 of 2nd period - Shot by Rodwin Dionicio.
11:24 of 2nd period - Stopped by Oscar Dansk without a rebound.
11:25 of 2nd period - Cal O'Reilly wins face-off versus Brandon Biro in WORCESTER TITANS zone.
11:43 of 2nd period - Isaac Belliveau is hit by Kyle Capobianco.
12:03 of 2nd period - Shot by Tyler Pitlick.
12:03 of 2nd period - Deflect By John Leonard.
12:03 of 2nd period - Stopped by Cayden Primeau without a rebound.
12:04 of 2nd period - Matthew Peca wins face-off versus Christian Fischer in GUELPH STORM zone.
12:04 of 2nd period - Matthew Peca is hit by Owen Pickering.
12:08 of 2nd period - Shot by Zach Sanford.
12:08 of 2nd period - Shot Misses the Net.
12:18 of 2nd period - Shot by Charles Hudon.
12:18 of 2nd period - Shot Misses the Net.
12:20 of 2nd period - Shot by Matthew Peca.
12:20 of 2nd period - Shot Misses the Net.
12:25 of 2nd period - Matthew Peca is hit by Owen Pickering and loses puck.
12:32 of 2nd period - Shot by Matthew Peca.
12:32 of 2nd period - Stopped by Cayden Primeau without a rebound.
12:33 of 2nd period - Justin Dowling wins face-off versus Graeme Clarke in GUELPH STORM zone.
12:42 of 2nd period - Icing by Jake Furlong.
12:43 of 2nd period - Cal O'Reilly wins face-off versus Ty Mueller in GUELPH STORM zone.
12:52 of 2nd period - Shot by Cal O'Reilly.
12:52 of 2nd period - Stopped by Cayden Primeau without a rebound.
12:53 of 2nd period - Brandon Biro wins face-off versus Andrew Poturalski in GUELPH STORM zone.
12:53 of 2nd period - Brandon Biro is hit by Chris Terry.
12:59 of 2nd period - Owen Pickering is hit by Andrew Poturalski.
13:05 of 2nd period - Shot by Andrew Poturalski.
13:05 of 2nd period - Deflect By Seth Griffith.
13:05 of 2nd period - Shot Misses the Net.
13:10 of 2nd period - Andrew Poturalski is hit by Owen Pickering and loses puck.
13:19 of 2nd period - Shot by Andrew Poturalski.
13:19 of 2nd period - Shot Blocked by Owen Pickering.
13:31 of 2nd period - Shot by Seth Griffith.
13:31 of 2nd period - Stopped by Cayden Primeau without a rebound.
13:31 of 2nd period - Minor Penalty to Jack Ahcan for Tripping.
13:32 of 2nd period - Christian Fischer wins face-off versus Cal O'Reilly in GUELPH STORM zone.
13:32 of 2nd period - Christian Fischer is hit by Tyler Pitlick.
13:53 of 2nd period - Shot by John Leonard.
13:53 of 2nd period - Shot Misses the Net.
13:59 of 2nd period - Shot by Cal O'Reilly.
13:59 of 2nd period - Shot Misses the Net.
14:01 of 2nd period - Shot by Jacob MacDonald.
14:01 of 2nd period - Stopped by Cayden Primeau without a rebound.
14:02 of 2nd period - Andrew Poturalski wins face-off versus Ty Mueller in GUELPH STORM zone.
14:13 of 2nd period - Shot by Andrew Poturalski.
14:13 of 2nd period - Shot Misses the Net.
14:35 of 2nd period - Shot by Charles Hudon.
14:35 of 2nd period - Stopped by Cayden Primeau without a rebound.
14:36 of 2nd period - Cal O'Reilly wins face-off versus Nikolai Kovalenko in GUELPH STORM zone.
14:37 of 2nd period - Shot by John Leonard.
14:37 of 2nd period - Stopped by Cayden Primeau without a rebound.
14:38 of 2nd period - Cal O'Reilly wins face-off versus Nikolai Kovalenko in GUELPH STORM zone.
14:43 of 2nd period - Shot by Tyler Pitlick.
14:43 of 2nd period - Shot Misses the Net.
15:11 of 2nd period - Shot by Cal O'Reilly.
15:11 of 2nd period - Stopped by Cayden Primeau without a rebound.
15:12 of 2nd period - Ty Mueller wins face-off versus Andrew Poturalski in GUELPH STORM zone.
15:33 of 2nd period - Shot by Charles Hudon.
15:33 of 2nd period - Deflect By Justin Dowling.
15:33 of 2nd period - Shot Misses the Net.
15:45 of 2nd period - Shot by Joseph Blandisi.
15:45 of 2nd period - Shot Blocked by Rodwin Dionicio.
15:53 of 2nd period - Shot by Joseph Blandisi.
15:53 of 2nd period - Stopped by Cayden Primeau with a rebound.
15:55 of 2nd period - Shot by Justin Dowling.
15:55 of 2nd period - Shot Misses the Net.
15:57 of 2nd period - Shot by Josh Brown.
15:57 of 2nd period - Stopped by Cayden Primeau without a rebound.
15:58 of 2nd period - Cal O'Reilly wins face-off versus Ty Mueller in GUELPH STORM zone.
16:01 of 2nd period - Shot by John Leonard.
16:01 of 2nd period - Shot Misses the Net.
16:03 of 2nd period - Shot by John Leonard.
16:03 of 2nd period - Shot Blocked by Jake Furlong.
16:05 of 2nd period - Shot by Calle Rosen.
16:05 of 2nd period - Stopped by Cayden Primeau without a rebound.
16:06 of 2nd period - Cal O'Reilly wins face-off versus Christian Fischer in GUELPH STORM zone.
16:37 of 2nd period - Minor Penalty to Tyler Pitlick for Interference.
16:38 of 2nd period - Ty Mueller wins face-off versus Justin Dowling in WORCESTER TITANS zone.
16:45 of 2nd period - Shot by Anton Wahlberg.
16:45 of 2nd period - Shot Blocked by Justin Dowling.
16:47 of 2nd period - Shot by Anton Wahlberg.
16:47 of 2nd period - Goal by Anton Wahlberg - GUELPH STORM : 1 - WORCESTER TITANS : 3.
16:48 of 2nd period - Brandon Biro wins face-off versus Andrew Poturalski in neutral zone.
17:05 of 2nd period - Shot by Brandon Biro.
17:05 of 2nd period - Shot Blocked by Andrew Poturalski.
17:07 of 2nd period - Shot by Rodwin Dionicio.
17:07 of 2nd period - Shot Misses the Net.
18:07 of 2nd period - Shot by Christian Fischer.
18:07 of 2nd period - Shot Misses the Net.
18:09 of 2nd period - Shot by Christian Fischer.
18:09 of 2nd period - Stopped by Oscar Dansk without a rebound.
18:10 of 2nd period - Cal O'Reilly wins face-off versus Ty Mueller in WORCESTER TITANS zone.
18:10 of 2nd period - Cal O'Reilly is hit by Graeme Clarke.
18:17 of 2nd period - Minor Penalty to David Spacek for Holding.
18:18 of 2nd period - Cal O'Reilly wins face-off versus Ty Mueller in GUELPH STORM zone.
18:43 of 2nd period - Shot by John Leonard.
18:43 of 2nd period - Stopped by Cayden Primeau without a rebound.
18:44 of 2nd period - Cal O'Reilly wins face-off versus Nikolai Kovalenko in GUELPH STORM zone.
18:59 of 2nd period - Shot by John Leonard.
18:59 of 2nd period - Stopped by Cayden Primeau without a rebound.
19:00 of 2nd period - Andrew Poturalski wins face-off versus Nikolai Kovalenko in GUELPH STORM zone.
19:01 of 2nd period - Shot by Charles Hudon.
19:01 of 2nd period - Stopped by Cayden Primeau with a rebound.
19:03 of 2nd period - Shot by Charles Hudon.
19:03 of 2nd period - Deflect By Chris Terry.
19:03 of 2nd period - Stopped by Cayden Primeau without a rebound.
19:04 of 2nd period - Nikolai Kovalenko wins face-off versus Cal O'Reilly in GUELPH STORM zone.
19:28 of 2nd period - Icing by Kyle Capobianco.
19:29 of 2nd period - John Leonard wins face-off versus Nikolai Kovalenko in WORCESTER TITANS zone.
19:46 of 2nd period - Shot by John Leonard.
19:46 of 2nd period - Deflect By Cal O'Reilly.
19:46 of 2nd period - Stopped by Cayden Primeau without a rebound.
19:47 of 2nd period - Andrew Poturalski wins face-off versus Ty Mueller in GUELPH STORM zone.
Goals for this period are 1 for GUELPH STORM vs 3 for WORCESTER TITANS.
Shots for this period are 9 for GUELPH STORM vs 31 for WORCESTER TITANS.
3rd period
0:01 of 3rd period - Cal O'Reilly wins face-off versus Nikolai Kovalenko in neutral zone.
0:09 of 3rd period - Tyler Pitlick is hit by Owen Pickering and loses puck.
0:32 of 3rd period - Shot by Matthew Peca.
0:32 of 3rd period - Shot Misses the Net.
0:34 of 3rd period - Shot by Zach Sanford.
0:34 of 3rd period - Goal by Zach Sanford - GUELPH STORM : 1 - WORCESTER TITANS : 4.
0:35 of 3rd period - Christian Fischer wins face-off versus Cal O'Reilly in neutral zone.
0:44 of 3rd period - Shot by Nikolai Kovalenko.
0:44 of 3rd period - Goal by Nikolai Kovalenko - GUELPH STORM : 2 - WORCESTER TITANS : 4.
0:45 of 3rd period - Matthew Peca wins face-off versus Ty Mueller in neutral zone.
1:08 of 3rd period - Shot by Charles Hudon.
1:08 of 3rd period - Stopped by Cayden Primeau without a rebound.
1:09 of 3rd period - Christian Fischer wins face-off versus Tyler Pitlick in GUELPH STORM zone.
1:28 of 3rd period - Tyler Pitlick is hit by Owen Pickering and loses puck.
1:30 of 3rd period - Minor Penalty to Owen Pickering for Hooking.
1:31 of 3rd period - Andrew Poturalski wins face-off versus Ty Mueller in GUELPH STORM zone.
1:37 of 3rd period - Shot by Charles Hudon.
1:37 of 3rd period - Deflect By Andrew Poturalski.
1:37 of 3rd period - Stopped by Cayden Primeau without a rebound.
1:38 of 3rd period - Cal O'Reilly wins face-off versus Nikolai Kovalenko in GUELPH STORM zone.
1:51 of 3rd period - Shot by John Leonard.
1:51 of 3rd period - Deflect By Cal O'Reilly.
1:51 of 3rd period - Shot Blocked by Nikolai Kovalenko.
1:55 of 3rd period - Shot by John Leonard.
1:55 of 3rd period - Shot Misses the Net.
2:01 of 3rd period - Shot by Tyler Pitlick.
2:01 of 3rd period - Stopped by Cayden Primeau without a rebound.
2:02 of 3rd period - Ty Mueller wins face-off versus Andrew Poturalski in GUELPH STORM zone.
2:14 of 3rd period - Shot by Chris Terry.
2:14 of 3rd period - Shot Misses the Net.
2:16 of 3rd period - Shot by Jacob MacDonald.
2:16 of 3rd period - Shot Misses the Net.
2:18 of 3rd period - Shot by Charles Hudon.
2:18 of 3rd period - Stopped by Cayden Primeau without a rebound.
2:19 of 3rd period - Nikolai Kovalenko wins face-off versus Cal O'Reilly in GUELPH STORM zone.
2:37 of 3rd period - Shot by Tyler Pitlick.
2:37 of 3rd period - Stopped by Cayden Primeau without a rebound.
2:38 of 3rd period - Ty Mueller wins face-off versus Andrew Poturalski in GUELPH STORM zone.
2:53 of 3rd period - Shot by Nikolai Kovalenko.
2:53 of 3rd period - Deflect By Christian Fischer.
2:53 of 3rd period - Stopped by Oscar Dansk without a rebound.
2:54 of 3rd period - Cal O'Reilly wins face-off versus Ty Mueller in WORCESTER TITANS zone.
2:54 of 3rd period - Cal O'Reilly is hit by Anton Wahlberg.
3:08 of 3rd period - Shot by Cal O'Reilly.
3:08 of 3rd period - Stopped by Cayden Primeau without a rebound.
3:09 of 3rd period - Nikolai Kovalenko wins face-off versus Andrew Poturalski in GUELPH STORM zone.
3:39 of 3rd period - Shot by John Leonard.
3:39 of 3rd period - Shot Blocked by David Spacek.
3:47 of 3rd period - Shot by Cal O'Reilly.
3:47 of 3rd period - Shot Blocked by Jake Furlong.
4:08 of 3rd period - Shot by Cal O'Reilly.
4:08 of 3rd period - Shot Misses the Net.
4:32 of 3rd period - Shot by Seth Griffith.
4:32 of 3rd period - Shot Misses the Net.
4:34 of 3rd period - Shot by Zachary Metsa.
4:34 of 3rd period - Goal by Zachary Metsa - GUELPH STORM : 2 - WORCESTER TITANS : 5.
4:35 of 3rd period - Matthew Peca wins face-off versus Christian Fischer in neutral zone.
4:37 of 3rd period - Charles Hudon is hit by Owen Pickering and loses puck.
5:10 of 3rd period - Shot by Charles Hudon.
5:10 of 3rd period - Stopped by Cayden Primeau with a rebound.
5:46 of 3rd period - Shot by Graeme Clarke.
5:46 of 3rd period - Stopped by Oscar Dansk with a rebound.
5:56 of 3rd period - Shot by Andrew Poturalski.
5:56 of 3rd period - Shot Misses the Net.
6:03 of 3rd period - Icing by Isaac Belliveau.
6:04 of 3rd period - Ty Mueller wins face-off versus Cal O'Reilly in GUELPH STORM zone.
6:04 of 3rd period - Ty Mueller is hit by Tyler Pitlick.
6:10 of 3rd period - Shot by Anton Wahlberg.
6:10 of 3rd period - Stopped by Oscar Dansk without a rebound.
6:11 of 3rd period - Cal O'Reilly wins face-off versus Brandon Biro in WORCESTER TITANS zone.
6:11 of 3rd period - Cal O'Reilly is hit by Alexis Gendron.
6:31 of 3rd period - Shot by Tyler Pitlick.
6:31 of 3rd period - Stopped by Cayden Primeau without a rebound.
6:32 of 3rd period - Matthew Peca wins face-off versus Christian Fischer in GUELPH STORM zone.
6:55 of 3rd period - Shot by Christian Fischer.
6:55 of 3rd period - Stopped by Oscar Dansk with a rebound.
6:57 of 3rd period - Shot by Owen Pickering.
6:57 of 3rd period - Stopped by Oscar Dansk with a rebound.
7:03 of 3rd period - Shot by Nikolai Kovalenko.
7:03 of 3rd period - Shot Misses the Net.
7:07 of 3rd period - Shot by Nikolai Kovalenko.
7:07 of 3rd period - Shot Misses the Net.
7:09 of 3rd period - Shot by Owen Pickering.
7:09 of 3rd period - Shot Blocked by Calle Rosen.
7:47 of 3rd period - Shot by Ty Mueller.
7:47 of 3rd period - Shot Misses the Net.
8:13 of 3rd period - Shot by John Leonard.
8:13 of 3rd period - Shot Misses the Net.
8:56 of 3rd period - Shot by Seth Griffith.
8:56 of 3rd period - Stopped by Cayden Primeau without a rebound.
8:57 of 3rd period - Justin Dowling wins face-off versus Christian Fischer in GUELPH STORM zone.
9:11 of 3rd period - Shot by Justin Dowling.
9:11 of 3rd period - Shot Blocked by Nikolai Kovalenko.
9:30 of 3rd period - Icing by Jack Ahcan.
9:31 of 3rd period - Andrew Poturalski wins face-off versus Christian Fischer in GUELPH STORM zone.
9:40 of 3rd period - Shot by Chris Terry.
9:40 of 3rd period - Stopped by Cayden Primeau with a rebound.
10:04 of 3rd period - Shot by Andrew Poturalski.
10:04 of 3rd period - Shot Blocked by Isaac Belliveau.
10:06 of 3rd period - Shot by Seth Griffith.
10:06 of 3rd period - Stopped by Cayden Primeau without a rebound.
10:07 of 3rd period - Cal O'Reilly wins face-off versus Ty Mueller in GUELPH STORM zone.
10:10 of 3rd period - Shot by John Leonard.
10:10 of 3rd period - Shot Misses the Net.
10:20 of 3rd period - Shot by Graeme Clarke.
10:20 of 3rd period - Stopped by Oscar Dansk without a rebound.
10:21 of 3rd period - Matthew Peca wins face-off versus Brandon Biro in WORCESTER TITANS zone.
10:38 of 3rd period - Shot by Charles Hudon.
10:38 of 3rd period - Stopped by Cayden Primeau with a rebound.
10:40 of 3rd period - Shot by Zachary Metsa.
10:40 of 3rd period - Deflect By Matthew Peca.
10:40 of 3rd period - Shot Misses the Net.
10:42 of 3rd period - Shot by Zachary Metsa.
10:42 of 3rd period - Shot Misses the Net.
10:44 of 3rd period - Shot by Matthew Peca.
10:44 of 3rd period - Shot Misses the Net.
10:46 of 3rd period - Shot by Matthew Peca.
10:46 of 3rd period - Stopped by Cayden Primeau without a rebound.
10:47 of 3rd period - Ty Mueller wins face-off versus Tyler Pitlick in GUELPH STORM zone.
10:47 of 3rd period - Ty Mueller is hit by Tyler Pitlick.
12:05 of 3rd period - Shot by Christian Fischer.
12:05 of 3rd period - Shot Blocked by Andrew Poturalski.
12:07 of 3rd period - Shot by Owen Pickering.
12:07 of 3rd period - Stopped by Oscar Dansk with a rebound.
12:09 of 3rd period - Shot by Christian Fischer.
12:09 of 3rd period - Stopped by Oscar Dansk without a rebound.
12:10 of 3rd period - Brandon Biro wins face-off versus Matthew Peca in WORCESTER TITANS zone.
12:13 of 3rd period - Shot by Alexis Gendron.
12:13 of 3rd period - Stopped by Oscar Dansk without a rebound.
12:14 of 3rd period - Christian Fischer wins face-off versus Charles Hudon in WORCESTER TITANS zone.
12:25 of 3rd period - Shot by Nikolai Kovalenko.
12:25 of 3rd period - Shot Misses the Net.
12:27 of 3rd period - Shot by Nikolai Kovalenko.
12:27 of 3rd period - Stopped by Oscar Dansk with a rebound.
12:29 of 3rd period - Shot by Jack Ahcan.
12:29 of 3rd period - Shot Misses the Net.
12:31 of 3rd period - Shot by Nikolai Kovalenko.
12:31 of 3rd period - Shot Misses the Net.
12:33 of 3rd period - Shot by Nikolai Kovalenko.
12:33 of 3rd period - Stopped by Oscar Dansk without a rebound.
12:34 of 3rd period - Cal O'Reilly wins face-off versus Brandon Biro in WORCESTER TITANS zone.
13:40 of 3rd period - Shot by Christian Fischer.
13:40 of 3rd period - Shot Blocked by Calle Rosen.
14:21 of 3rd period - Icing by Matthew Peca.
14:22 of 3rd period - Matthew Peca wins face-off versus Ty Mueller in WORCESTER TITANS zone.
14:22 of 3rd period - Matthew Peca is hit by Anton Wahlberg.
14:25 of 3rd period - Charles Hudon is hit by Anton Wahlberg and loses puck.
14:34 of 3rd period - Icing by Anton Wahlberg.
14:35 of 3rd period - Ty Mueller wins face-off versus Cal O'Reilly in GUELPH STORM zone.
14:47 of 3rd period - Shot by John Leonard.
14:47 of 3rd period - Stopped by Cayden Primeau with a rebound.
14:52 of 3rd period - John Leonard is hit by David Spacek and loses puck.
14:58 of 3rd period - Icing by Jake Furlong.
14:59 of 3rd period - Ty Mueller wins face-off versus Andrew Poturalski in GUELPH STORM zone.
15:18 of 3rd period - Shot by Jacob MacDonald.
15:18 of 3rd period - Deflect By Chris Terry.
15:18 of 3rd period - Shot Blocked by Jake Furlong.
15:20 of 3rd period - Shot by Calle Rosen.
15:20 of 3rd period - Shot Blocked by Jake Furlong.
15:22 of 3rd period - Shot by Calle Rosen.
15:22 of 3rd period - Deflect By Chris Terry.
15:22 of 3rd period - Stopped by Cayden Primeau without a rebound.
15:23 of 3rd period - Cal O'Reilly wins face-off versus Christian Fischer in GUELPH STORM zone.
15:24 of 3rd period - Shot by Tyler Pitlick.
15:24 of 3rd period - Shot Misses the Net.
15:27 of 3rd period - Minor Penalty to John Leonard for Hooking.
15:28 of 3rd period - Justin Dowling wins face-off versus Christian Fischer in WORCESTER TITANS zone.
15:36 of 3rd period - Off-side.
15:37 of 3rd period - Justin Dowling wins face-off versus Christian Fischer in neutral zone.
15:54 of 3rd period - Shot by Nikolai Kovalenko.
15:54 of 3rd period - Stopped by Oscar Dansk without a rebound.
15:55 of 3rd period - Ty Mueller wins face-off versus Justin Dowling in WORCESTER TITANS zone.
16:29 of 3rd period - Shot by David Spacek.
16:29 of 3rd period - Stopped by Oscar Dansk without a rebound.
16:30 of 3rd period - Matthew Peca wins face-off versus Christian Fischer in WORCESTER TITANS zone.
17:23 of 3rd period - Shot by Anton Wahlberg.
17:23 of 3rd period - Shot Misses the Net.
18:25 of 3rd period - Icing by David Spacek.
18:26 of 3rd period - Cal O'Reilly wins face-off versus Ty Mueller in GUELPH STORM zone.
18:26 of 3rd period - Cal O'Reilly is hit by David Spacek.
19:04 of 3rd period - Shot by Tyler Pitlick.
19:04 of 3rd period - Stopped by Cayden Primeau without a rebound.
19:05 of 3rd period - Matthew Peca wins face-off versus Christian Fischer in GUELPH STORM zone.
19:20 of 3rd period - Josh Brown is hit by Nikolai Kovalenko.
Goals for this period are 1 for GUELPH STORM vs 2 for WORCESTER TITANS.
Shots for this period are 14 for GUELPH STORM vs 18 for WORCESTER TITANS.
Back to the Top